 Dungeon Crawl Stone Soup version 0.31-a0-339-gda1cbd555d (webtiles) character file.

Game seed: 11579855322669703867

3202 kae the Mimic (level 9, -10/81 HPs)
             Began as a Naga Shapeshifter on July 20, 2023.
             Was a Follower of Cheibriados.
             Shot with a bolt by an orc warrior (11 damage)
             ... in a bailey.
             The game lasted 00:07:36 (8109 turns).

kae the Mimic (Naga Shapeshifter)                   Turns: 8109, Time: 00:07:36

Health: -10/81     AC:  7    Str: 22    XL:     9   Next: 96%
Magic:  18/18      EV: 11    Int: 11    God:    Cheibriados [*.....]
Gold:   674        SH:  0    Dex: 18    Spells: 8/8 levels left

rFire   . .          .
                       - Unarmed
rCold   . . .        (no shield)
rNeg    . . .        n - quicksilver dragon scales {rare}
rPois   +            (helmet currently unavailable)
rElec   .            (cloak currently unavailable)
rCorr   .            (gloves currently unavailable)
SInv    +            (no barding)
Will    ++...        (no amulet)
Stlth   +++          W - ring of magical power
HPRegen 0.33/turn    (no ring)
MPRegen 0.16/turn

%: no passive effects
@: beast-form, studying Shapeshifting, very slow
A: beast (slay +6), AC +3, large, see invisible, deformed body, poison
resistance, slowness 2, spit poison 1, naga tail 1
a: Spit Poison, Begin Untransformation, Renounce Religion, Bend Time


You were in a bailey.
You worshipped Cheibriados.
Cheibriados was aware of your devotion.
You were a hulking beast.
You visited 2 branches of the dungeon, and saw 8 of its levels.
You also visited: Ossuary and Bailey.

You collected 674 gold pieces.


Innate Abilities, Weirdness & Mutations

You are a hulking beast.
Your limbs bulge with bestial killing power. (Slay +6)
Your serpentine skin is tough. (AC +3)
You have supernaturally acute eyesight. (SInv)
Armour fits poorly on your strangely shaped body.
Your system is resistant to poisons. (rPois)
You cover ground very slowly.
You can spit poison.
You have a snake-like lower body.


   Skills:
 + Level 5.5 Fighting
 + Level 4.8 Dodging
 + Level 8.4 Stealth
 + Level 6.1 Unarmed Combat
 + Level 1.2 Invocations
 * Level 9.8 Shapeshifting


You had 8 spell levels left.
You didn't know any spells.
Your spell library contained the following spells:

 Spells                   Type           Power      Damage    Failure   Level
 Lesser Beckoning         Tloc           0%         N/A       65%         2
 Gell's Gravitas          Tloc           0%         N/A       86%         3
 Teleport Other           Tloc           0%         N/A       86%         3

Inventory:

Missiles
 d - 56 stones
 h - 5 silver javelins
 j - 22 poisoned darts
 v - a throwing net {=f!f}
Armour
 a - a +1 animal skin
 n - quicksilver dragon scales (worn) {rare}
   (You found it on level 4 of the Dungeon)
Jewellery
 P - a ring of poison resistance
   (You found it on level 3 of the Dungeon)
 T - an amulet of faith {!P}
   (You found it on level 2 of the Dungeon)
 W - a ring of magical power (left hand)
   (You found it on level 2 of the Dungeon)
Talismans
 c - a beast talisman
Wands
 p - a wand of polymorph (13)
   (You found it on level 5 of the Dungeon)
 r - a wand of paralysis (9)
   (You took it off an orc priest on level 4 of the Dungeon)
Scrolls
 s - a scroll of fog
 u - a scroll of poison
 x - a scroll of immolation {!r!r}
Potions
 b - 3 potions of lignification {!q}
 e - a potion of mutation {!q}
 f - 5 potions of heal wounds {unknown}
 g - 5 potions of curing {unknown}
 i - 2 potions of enlightenment
 k - a potion of berserk rage {unknown}
 l - a potion of magic {unknown}
 m - 2 potions of degeneration {unknown}
 o - a potion of invisibility {unknown}
 q - a potion of haste {@q3}
 t - a potion of resistance
 w - a potion of might {unknown}

Dungeon Overview and Level Annotations

Branches:
Dungeon (7/15) Zot: 40195  Temple (1/1) D:6 Zot: 8898 Ossuary (visited)
 Bailey (1/1) Zot: 8917

Altars:
Ashenzari
Cheibriados
Dithmenos
Elyvilon
Gozag
Hepliaklqana
Kikubaaqudgha
Nemelex Xobeh
Qazlal
Ru
Sif Muna
Trog
Vehumet
Wu Jian
Xom
Yredelemnul
Zin

Shops:
D:2 =   D:3 (

Annotations:
D:3 1 runed translucent door, Crazy Yiuf, Ijyb
D:5 4 runed translucent doors

.... #∩.##≈.....#
..... ...#≈.....#
...o≈##.##≈...o.#
....≈≈###≈≈.....#
.....≈≈≈≈≈......#
........o.......#
................#
..............∩.#
........o......h#
#################


You could see an orc warrior and 2 orcs.


Message History

The howler monkey hoots and howls with incredible vigour! x2
You hit the howler monkey. The howler monkey closely misses you.
The howler monkey barely misses you.
You punch the howler monkey!
You kill the howler monkey!
Cheibriados appreciates the change of pace.
The howler monkey hits you.
* * * LOW HITPOINT WARNING * * *
😨 HP[-3]
You take 3 damage, and now have 23/81 hp.
You punch the howler monkey!
You kill the howler monkey!
Cheibriados thoroughly appreciates the change of pace.
Cheibriados raises the support of your attributes as your movement slows.
You start resting.
You hear the faint creaking of a portcullis. 😨 HP[+7]
You regained 7 hp, and now have 30/81 hp.
You start resting.
You hear the faint creaking of a portcullis. 😮 HP[+17]
You regained 17 hp, and now have 47/81 hp.
You start resting.
You hear the creaking of a portcullis. 😕 HP[+16]
You regained 16 hp, and now have 63/81 hp.
The world spins around you as you enter the gateway.
You enter a bailey!
Found a gate leading back out of this place.
There is an empty arch of ancient stone here. 😕 HP[+1] Unknown command.
You start resting. 😕 HP[+4]
You regained 4 hp, and now have 68/81 hp.
You start resting. 😎 HP[+13]
Your hp is fully restored (81).
Unknown command. 2 orcs come into view.
There are monsters nearby!
Unknown command.
There are monsters nearby!
There are monsters nearby!
No reachable target in view!
No reachable target in view!
Found a gate leading back out of this place.
The orc shouts!
You hear a shout!
An orc comes into view. It is wielding a +0 arbalest.
An orc warrior comes into view. It is wielding a +0 arbalest.
Why would you want to do that? Why would you want to do that?
Unknown command.
The orc warrior moves out of view.
Why would you want to do that?
An orc warrior comes into view. It is wielding a +0 arbalest.
The orc warrior moves out of view.
The orc warrior shouts!
The orc warrior shoots a bolt.
The bolt hits you!
The orc warrior shoots a bolt.
The bolt hits you.
The orc shoots a bolt.
The bolt hits you!
The orc shouts! 😮 HP[-30]
You take 30 damage, and now have 51/81 hp.
MASSIVE DAMAGE!! (PAUSE)
Okay, then.
Okay, then.
Okay, then.
As you read the scroll of fear, it crumbles to dust.
You assume a fearsome visage.
The orc warrior looks frightened!
The orc looks frightened! 😮 HP[+1]
The orc warrior shoots a bolt.
The bolt hits you!
* * * LOW HITPOINT WARNING * * *
😨 HP[-14]
You take 14 damage, and now have 38/81 hp.
The orc warrior shoots a bolt.
The bolt misses you.
The orc shoots a bolt.
The bolt completely misses you.
The orc warrior shoots a bolt.
The bolt hits you!
* * * LOW HITPOINT WARNING * * *
The orc shoots a bolt.
The bolt barely misses you. 😨 HP[-12]
You take 12 damage, and now have 26/81 hp.
The orc warrior shoots a bolt.
The bolt hits you!
* * * LOW HITPOINT WARNING * * *
The orc shoots a bolt.
The bolt hits you but does no damage. 😱 HP[-9]
You take 9 damage, and now have 17/81 hp.
The orc shoots a bolt.
The bolt hits you.
* * * LOW HITPOINT WARNING * * *
The orc shoots a bolt.
The bolt hits you!
* * * LOW HITPOINT WARNING * * *
The orc warrior shoots a bolt.
The bolt closely misses you.
The orc shoots a bolt.
The bolt closely misses you. 😱 HP[-16]
You take 16 damage, and now have 1/81 hp.
The orc shoots a bolt.
The bolt hits you.
* * * LOW HITPOINT WARNING * * *
The orc warrior shoots a bolt.
The bolt hits you!
You die...

Skill      XL: |  1  2  3  4  5  6  7  8  9 |
---------------+----------------------------+-----
Stealth        | 1 2 3 4 5 6 8 |  8.4
Dodging        | 2 3 4 |  4.8
Shapeshifting  | 4 5 6 8 9 |  9.8
Fighting       | 2 3 4 5 |  5.5
Unarmed Combat | 4 5 6 |  6.1
Invocations    | 1 |  1.2

Action                     |  1- 3 |  4- 6 |  7- 9 || total
---------------------------+-------+-------+-------++-------
  Melee: Unarmed           |    77 |   135 |   361 ||   573
         Punch             |       |     3 |    16 ||    19
Ability: Spit Poison       |    21 |    46 |    35 ||   102
    Use: Scroll            |     3 |     1 |    15 ||    19
   Stab: Sleeping          |     1 |     1 |     2 ||     4
 Armour: Animal skin       |    12 |     7 |       ||    19
         Quicksilver drago |       |    44 |   126 ||   170
  Dodge: Dodged            |    50 |    73 |   181 ||   304

Levels and vault maps discovered:
D:1:      reono_arrival_forest_river, layout_basic, serial_forest,
          infiniplex_forest_end_1, infiniplex_forest_lined_2,
          infiniplex_forest_straight_4, infiniplex_forest_end_3,
          infiniplex_forest_fountain, infiniplex_forest_clump_C,
          infiniplex_forest_clump_tiny, infiniplex_forest_clump_small,
          dreamdust_princess_bridge, kennysheep_nondescript, interstate_on_off,
          minmay_worlds_worst_comb
D:2:      layout_basic, serial_shops, shop
D:3:      layout_rooms, shapermc_ecumenical_altar_acropolis, serial_shops, shop,
          minmay_misc_feat_rugged, uniq_crazy_yiuf_cottage, uniq_terence,
          uniq_ijyb
D:4:      minmay_polygon_palace, layout_cave_pools, serial_park,
          serial_park_square1 [serial_park_minivault_5x5_3], minmay_rat_hole
D:5:      layout_basic, enter_ossuary_3, minmay_misc_feat_more_columns,
          minmay_hollow_rounded_squares, uniq_prince_ribbit1, uniq_menkaure,
          uniq_sigmund
D:6:      layout_layer_cave, mainiacjoe_overflow_tiny_flanked,
          nicolae_qazlal_beasts_of_the_sky, minmay_temple_entry_proselytizer
D:7:      layout_basic, mainiacjoe_overflow_big_doors,
          lightli_bailey_entry_fortress
Temple:   nicolae_temple_bog_church
Bailey:   bailey_polearm_2, bailey

Notes
Turn   | Place    | Note
-------+----------+-------------------------------------------
     0 | D:1      | kae the Naga Shapeshifter began the quest for the Orb.
     0 | D:1      | Reached XP level 1. HP: 18/18 MP: 1/1
     0 | D:1      | magus.rc [v1.11.3]
    39 | D:1      | Reached XP level 2. HP: 11/25 MP: 2/2
    43 | D:1      | Reached skill level 1 in Stealth
   300 | D:1      | You pick up a book of Displacement and begin reading...
   300 | D:1      | You add the spells Lesser Beckoning, Gell's Gravitas and
                  | Teleport Other to your library.
   430 | D:1      | Reached XP level 3. HP: 31/31 MP: 3/3
   992 | D:2      | Identified a scroll of acquirement
   992 | D:2      | Acquired a manual of Shapeshifting
  1111 | D:2      | Reached skill level 2 in Dodging
  1262 | D:2      | Reached skill level 2 in Stealth
  1483 | D:2      | Found Qyxunt's Jewellery Boutique.
  1485 | D:2      | Reached XP level 4. HP: 33/38 MP: 4/4
  1741 | D:2      | Reached skill level 4 in Shapeshifting
  2095 | D:3      | Noticed Terence
  2103 | D:3      | Killed Terence
  2104 | D:3      | Reached skill level 2 in Fighting
  2104 | D:3      | Reached XP level 5. HP: 39/45 MP: 5/5
  2353 | D:3      | Found Toycoe Edar's Antique Weapon Boutique.
  2550 | D:3      | Found a faded altar of an unknown god.
  2591 | D:3      | Found a runed translucent door.
  2591 | D:3      | Noticed Ijyb
  2592 | D:3      | Noticed Crazy Yiuf
  2671 | D:4      | n - quicksilver dragon scales {rare}
  2682 | D:4      | You finish putting on your quicksilver dragon scales
                  | {rare}.
  2749 | D:4      | Reached skill level 3 in Stealth
  2755 | D:4      | Identified +0 gold dragon scales
  2782 | D:4      | a +0 whip; +0 gold dragon scales {rare}; a gnoll corpse
  2944 | D:4      | Reached XP level 6. HP: 43/52 MP: 6/6
  3315 | D:4      | Reached skill level 5 in Shapeshifting
  3476 | D:4      | Reached skill level 4 in Unarmed Combat
  3505 | D:4      | Reached skill level 4 in Stealth
  3579 | D:4      | Reached XP level 7. HP: 55/61 MP: 7/7
  3748 | D:4      | Reached skill level 3 in Fighting
  3763 | D:4      | Reached skill level 3 in Dodging
  3763 | D:4      | Reached skill level 6 in Shapeshifting
  3992 | D:5      | Entered Level 5 of the Dungeon
  4044 | D:5      | Found a sand-covered staircase.
  4057 | Ossuary  | Entered an ossuary
  4262 | Ossuary  | Reached skill level 5 in Stealth
  4287 | Ossuary  | Reached XP level 8. HP: 64/70 MP: 8/8
  4495 | Ossuary  | Reached skill level 7 in Shapeshifting
  4833 | D:5      | Noticed Prince Ribbit
  4906 | D:5      | Killed Prince Ribbit
  4907 | D:5      | Reached skill level 4 in Fighting
  4907 | D:5      | Reached skill level 6 in Stealth
  4907 | D:5      | Reached skill level 5 in Unarmed Combat
  5036 | D:5      | Found a large runed translucent door.
  5036 | D:5      | Found a large runed translucent door.
  5040 | D:5      | Noticed a yak
  5044 | D:5      | Noticed a troll
  5050 | D:5      | Found a large runed translucent door.
  5050 | D:5      | Found a large runed translucent door.
  5405 | D:5      | Reached skill level 8 in Shapeshifting
  5407 | D:5      | Reached skill level 4 in Dodging
  5463 | D:5      | Noticed Menkaure
  5473 | D:5      | Killed Menkaure
  5474 | D:5      | Reached XP level 9. HP: 62/79 MP: 9/9
  5544 | D:5      | Reached skill level 7 in Stealth
  5629 | D:5      | Noticed Sigmund
  5642 | D:5      | Killed Sigmund
  5939 | D:5      | Reached skill level 5 in Fighting
  5940 | D:5      | HP: 17/81 [gnoll/+0 whip[a gnoll bouda] (6)]
  5950 | D:5      | HP: 15/81 [gnoll/+0 spear[a gnoll bouda] (1)]
  5953 | D:5      | Reached skill level 9 in Shapeshifting
  6223 | D:5      | HP: 18/81 [gnoll/+0 whip[a gnoll sergeant] (4)]
  6744 | D:6      | Found a staircase to the Ecumenical Temple.
  6757 | Temple   | Entered the Ecumenical Temple
  6806 | Temple   | Became a worshipper of Cheibriados the Contemplative
  6973 | D:6      | Reached skill level 8 in Stealth
  7080 | D:6      | Found an ornate altar of the Wu Jian Council.
  7199 | D:6      | Reached skill level 6 in Unarmed Combat
  7465 | D:6      | Found a stormy altar of Qazlal.
  7863 | D:7      | Reached * piety under Cheibriados
  7880 | D:7      | Reached skill level 1 in Invocations
  7893 | D:7      | Found a flagged portal.
  8042 | Bailey   | Entered a bailey
  8107 | Bailey   | HP: 17/81 [orc warrior/bolt (10)]
  8108 | Bailey   | HP: 1/81 [orc/bolt (13)]
  8109 | Bailey   | Shot with a bolt by an orc warrior

Vanquished Creatures
  Prince Ribbit (D:5)
  Sigmund (D:5)
  A wyvern (D:5)
  Menkaure (D:5)
  A water moccasin (D:6)
  2 sky beasts (D:6)
  A black bear (D:6)
  A centaur (D:5)
  2 phantoms
  A bullfrog (D:6)
  A gnoll sergeant (D:6)
  11 scorpions
  3 howler monkeys (D:7)
  2 centaur zombies (Ossuary)
  A jelly (D:6)
  2 human zombies (Ossuary)
  4 orc priests
  A gnoll bouda (D:5)
  3 hounds
  3 sleepcaps
  4 iguanas
  Terence (D:3)
  An orc wizard (D:6)
  A scorpion zombie (Ossuary)
  3 mummies (Ossuary)
  10 adders
  15 gnolls
  2 white imps
  3 worms
  3 dart slugs
  21 orcs
  6 bats
  3 endoplasms
  11 giant cockroaches
  3 gnoll zombies (Ossuary)
  14 goblins
  8 hobgoblins
  4 jackals
  5 kobolds
  3 quokkas
  10 ball pythons
  A goblin zombie (Ossuary)
  3 hobgoblin zombies (Ossuary)
  2 kobold zombies
  An orc zombie (Ossuary)
  22 rats
  A rat zombie (D:5)
204 creatures vanquished.

Table legend:
 A = Non-vault XP
 B = Vault XP
 C = Vault XP percentage of total XP
 D = Non-vault monster count
 E = Vault monster count
 F = Vault count percentage of total count
                 A         B        C        D         E       F
            +---------+---------+-------+---------+---------+-------
      Total |    2013 |    2562 |  56.0 |     114 |      90 |  44.1
            +---------+---------+-------+---------+---------+-------
        D:1 |      31 |       8 |  20.5 |      17 |       4 |  19.0
        D:2 |     102 |       0 |   0.0 |      21 |       0 |   0.0
        D:3 |      42 |      36 |  46.2 |      10 |       1 |   9.1
        D:4 |     309 |     362 |  53.9 |      30 |      36 |  54.5
        D:5 |     491 |    1111 |  69.4 |      17 |      12 |  41.4
        D:6 |     877 |     175 |  16.6 |      16 |       2 |  11.1
        D:7 |     161 |      90 |  35.9 |       3 |      12 |  80.0
    Ossuary |       0 |     780 | 100.0 |       0 |      23 | 100.0
            +---------+---------+-------+---------+---------+-------

Skill      XL: |  1  2  3  4  5  6  7  8  9 |
---------------+----------------------------+-----
Stealth        | 1 2 3 4 5 6 8 |  8.4
Dodging        | 2 3 4 |  4.8
Shapeshifting  | 4 5 6 8 9 |  9.8
Fighting       | 2 3 4 5 |  5.5
Unarmed Combat | 4 5 6 |  6.1
Invocations    | 1 |  1.2

Action                     |  1- 3 |  4- 6 |  7- 9 || total
---------------------------+-------+-------+-------++-------
  Melee: Unarmed           |    77 |   135 |   361 ||   573
         Punch             |       |     3 |    16 ||    19
Ability: Spit Poison       |    21 |    46 |    35 ||   102
    Use: Scroll            |     3 |     1 |    15 ||    19
   Stab: Sleeping          |     1 |     1 |     2 ||     4
 Armour: Animal skin       |    12 |     7 |       ||    19
         Quicksilver drago |       |    44 |   126 ||   170
  Dodge: Dodged            |    50 |    73 |   181 ||   304

Illustrated notes

Table legend:
 A = Kills in this place as a percentage of kills in the entire game.
 B = Kills by you in this place as a percentage of kills by you in the entire game.
 C = Kills by friends in this place as a percentage of kills by friends in the entire game.
 D = Other kills in this place as a percentage of other kills in the entire game.
 E = Experience gained in this place as a percentage of experience gained in the entire game.
 F = Experience gained in this place divided by the number of levels of this place that you have seen.
                   A       B       C       D       E      F
               +-------+-------+-------+-------+-------+----------------------
         Total | 100.0 | 100.0 |   N/A |   N/A | 100.0 | 457.5
       Dungeon |  88.7 |  88.7 |   N/A |   N/A |  83.0 | 542.1
       Ossuary |  11.3 |  11.3 |   N/A |   N/A |  17.0 | 780.0
               +-------+-------+-------+-------+-------+----------------------

Table legend: (Time is in decaauts)
 A = Elapsed time spent in this place.
 B = Non-inter-level travel time spent in this place.
 C = Inter-level travel time spent in this place.
 D = Time resting spent in this place.
 E = Time spent auto-exploring this place.
 F = Levels seen in this place.
 G = Mean time per level.
                   A        B        C        D        E       F      G
               +--------+--------+--------+--------+--------+-----+--------+
         Total |  10347 |  10099 |    248 |    822 |   7636 |  10 | 1034.7 |
       Dungeon |   9425 |   9209 |    216 |    684 |   7197 |   7 | 1346.4 |
        Temple |     74 |     42 |     32 |      0 |     33 |   1 |   74.0 |
       Ossuary |    767 |    767 |      0 |     88 |    405 |   1 |  767.0 |
        Bailey |     80 |     80 |      0 |     50 |      0 |   1 |   80.0 |
               +--------+--------+--------+--------+--------+-----+--------+

Top non-repeatable levels by time:
     D:6: 2100 daAuts
     D:5: 1967 daAuts
     D:4: 1564 daAuts
     D:2: 1410 daAuts
     D:1: 1304 daAuts
     D:3: 773 daAuts
 Ossuary: 767 daAuts
     D:7: 305 daAuts
  Bailey: 80 daAuts
  Temple: 74 daAuts
